 Dungeon Crawl Stone Soup version 0.22-a0-429-g97ce8ef (webtiles) character file.

236966 Gorice the Black Belt (level 18, -14/151 HPs)
             Began as a Demonspawn Wanderer on May 24, 2018.
             Was the Champion of Okawaru.
             Demolished by a titanic slime creature (29 damage)
             ... on level 1 of the Vaults on May 25, 2018.
             The game lasted 04:10:13 (64354 turns).

Gorice the Black Belt (Demonspawn Wanderer)        Turns: 64354, Time: 04:10:14

Health: -14/151    AC: 39    Str: 19      XL:     18   Next: 95%
Magic:  0/25       EV: 10    Int: 12      God:    Okawaru [******]
Gold:   1543       SH:  6    Dex: 22 (23) Spells: 17/17 levels left

rFire    . . .     SeeInvis .     - Unarmed
rCold    . . .     Gourm    .   k - +0 buckler {AC+3}
rNeg     . . .     Faith    .   H - +7 crystal plate armour of Disguise {rElec rC- Str+3}
rPois    +         Spirit   +   V - +2 hat {MR+}
rElec    +         Reflect  .   q - +0 cloak
rCorr    .         Harm     .   (no gloves)
MR       ++...                  g - +0 pair of boots
Stlth    ..........             o - amulet of rage
HPRegen  0.35/turn              s - +2 ring of slaying
MPRegen  0.38/turn              p - ring of poison resistance

@: no status effects
A: claws 2, thin skeletal structure 2, cold resistance 1, nightstalker 1, magic
shield, magic regeneration, magic link
}: 1/15 runes: gossamer
a: Heroism, Finesse, Renounce Religion, Evoke Berserk Rage


You were on level 1 of the Vaults.
You worshipped Okawaru.
Okawaru was exalted by your worship.
You were not hungry.

You visited 7 branches of the dungeon, and saw 33 of its levels.
You visited 1 bazaar.
You also visited: Sewer and Ice Cave.

You collected 3135 gold pieces.
You spent 1592 gold pieces at shops.

Inventory:

Hand Weapons
 b - a +4 scimitar of flaming
   (You took it off Erica on level 2 of the Lair of Beasts)
 B - a +4 blowgun
Missiles
 G - 23 tomahawks (quivered)
 N - 6 curare-tipped needles
 Y - 4 poisoned javelins
Armour
 g - a +0 pair of boots (worn)
 k - a +0 buckler of protection (worn)
   (Okawaru gifted it to you on level 13 of the Dungeon)
 q - a +0 cloak (worn)
 H - the +7 crystal plate armour of Disguise (worn) {rElec rC- Str+3}
   (Okawaru gifted it to you on level 1 of the Vaults)

   It affects your strength (+3).
   It makes you vulnerable to cold.
   It insulates you from electricity.
 O - the +9 plate armour "Muocoggo" {Int+3}
   (You found it on level 14 of the Dungeon)

   It affects your intelligence (+3).
 U - a +1 helmet of see invisible
   (You bought it in a shop in a bazaar)
 V - a +2 hat of magic resistance (worn)
   (You bought it in a shop in a bazaar)
Magical Staves
 S - an uncursed staff of poison
Jewellery
 c - an uncursed ring of protection from cold
 f - an uncursed ring of protection from fire
 o - an amulet of rage (around neck)
 p - a ring of poison resistance (right claw)
 s - a +2 ring of slaying (left claw)
Wands
 h - a wand of paralysis (11)
 i - a wand of acid (27)
 l - a wand of disintegration (5)
 y - a wand of clouds (12)
 C - a wand of iceblast (28)
 F - a wand of scattershot (6)
 L - a wand of digging (26)
 M - a wand of flame (12)
Scrolls
 j - 2 scrolls of magic mapping {!r}
 n - a scroll of fear {!r}
 u - 6 scrolls of identify
 v - 5 scrolls of teleportation {!r}
 x - a scroll of fog
 z - 6 scrolls of remove curse
 Q - a scroll of summoning {!r}
Potions
 a - 4 potions of flight
 d - 3 potions of curing
 e - a potion of invisibility {!q}
 m - 3 potions of cancellation {!q}
 r - 4 potions of agility {!q}
 w - 2 potions of ambrosia
 A - 6 potions of might {!q}
 E - a potion of haste {!q}
 I - 2 potions of magic {!q}
 Z - a potion of heal wounds {!q}
Miscellaneous
 t - a sack of spiders
 T - a phial of floods
Comestibles
 J - 30 rations


   Skills:
 - Level 16.0 Fighting
   Level 3.3 Polearms
 - Level 1.7 Throwing
 - Level 16.0 Armour
 + Level 11.7 Dodging
 - Level 1.0 Stealth
 - Level 4.0 Shields
 - Level 16.2 Unarmed Combat
 - Level 10.0 Invocations
 + Level 10.6 Evocations


You had 17 spell levels left.
You didn't know any spells.
Your spell library contained the following spells:

 Spells                   Type           Power        Failure   Level  Hunger
 Magic Dart               Conj           #...         100%        1    ##.....
 Conjure Flame            Conj/Fire      #.......     100%        3    ####...
 Bolt of Cold             Conj/Ice       #.........   100%        6    #######
 Lightning Bolt           Conj/Air       #.........   100%        5    ######.
 Bolt of Magma            Conj/Fire/Erth #.........   100%        5    ######.
 Slow                     Hex            #.......     100%        2    ###....
 Confuse                  Hex            #.......     100%        3    ####...
 Freezing Cloud           Conj/Ice/Air   #.........   100%        6    #######
 Mephitic Cloud           Conj/Pois/Air  #.......     100%        3    ####...
 Venom Bolt               Conj/Pois      #.........   100%        5    ######.
 Olgreb's Toxic Radiance  Pois           #.......     100%        4    #####..
 Blink                    Tloc           N/A          100%        2    ###....
 Ozocubu's Refrigeration  Ice            #.........   100%        6    #######
 Call Imp                 Summ           #.......     100%        2    ###....
 Sting                    Conj/Pois      #...         100%        1    ##.....
 Tukima's Dance           Hex            #.......     100%        3    ####...
 Iron Shot                Conj/Erth      #.........   100%        6    #######
 Shock                    Conj/Air       #...         100%        1    ##.....
 Swiftness                Chrm/Air       #.......     100%        2    ###....
 Statue Form              Tmut/Erth      #........    100%        6    #######
 Ice Form                 Ice/Tmut       #.......     100%        4    #####..
 Dragon Form              Tmut           #.........   100%        7    #######
 Deflect Missiles         Chrm/Air       #.........   100%        6    #######
 Airstrike                Air            #.........   100%        4    #####..
 Confusing Touch          Hex            #.....       100%        1    ##.....
 Ensorcelled Hibernation  Hex/Ice        #.....       100%        2    ###....
 Metabolic Englaciation   Hex/Ice        #.........   100%        5    ######.
 Silence                  Hex/Air        #.........   100%        5    ######.
 Shatter                  Erth           #.........   100%        9    #######
 Static Discharge         Conj/Air       #.......     100%        3    ####...
 Corona                   Hex            #......      100%        1    ##.....
 Simulacrum               Ice/Necr       #.........   100%        6    #######
 Conjure Ball Lightning   Conj/Air       #.........   100%        6    #######
 Petrify                  Tmut/Erth      #.......     100%        4    #####..
 Orb of Destruction       Conj           #.........   100%        7    #######
 Tornado                  Air            #.........   100%        9    #######
 Iskenderun's Battlesphe  Conj/Chrm      #.......     100%        5    ######.
 Dazzling Spray           Conj/Hex       #.....       100%        3    ####...
 Summon Lightning Spire   Summ/Air       #.......     100%        4    #####..
 Spellforged Servitor     Conj/Summ      #.........   100%        7    #######
 Hydra Form               Tmut           #.........   100%        6    #######
 Irradiate                Conj/Tmut      #.........   100%        5    ######.
 Gell's Gravitas          Tloc           #.........   100%        3    ####...
 Yara's Violent Unravell  Hex/Tmut       #.........   100%        5    ######.
 Poisonous Vapours        Pois/Air       #.....       100%        2    ###....
 Ignition                 Fire           #.........   100%        8    #######


Dungeon Overview and Level Annotations

Branches:
Dungeon (15/15)            Temple (1/1) D:6            Lair (6/6) D:8
  Swamp (4/4) Lair:2       Spider (4/4) Lair:4        Slime (0/5) Lair:5
    Orc (2/2) D:9             Elf (0/3) Orc:2        Vaults (1/5) D:13
 Depths (0/5) D:15

Altars:
Ashenzari
Cheibriados
Dithmenos
Elyvilon
Fedhas
Gozag
Hepliaklqana
Kikubaaqudgha
Makhleb
Nemelex Xobeh
Okawaru
Qazlal
Ru
Sif Muna
Trog
Uskayaw
Vehumet
Wu Jian
Xom
Yredelemnul
Zin
The Shining One
Jiyva

Shops:
D:4 :   D:6 =   D:11 %   Orc:2 =([*

Annotations:
Lair:4 exclusion: oklob plant
Swamp:4 pUX: effing stupid zombie ending!!!!!!!!!!!!!!!!!!!!!!!1


Innate Abilities, Weirdness & Mutations

You have very sharp fingernails.
You have a moderately thin skeletal structure. (Dex +4, Stealth+)
Your flesh is cold resistant. (rC+)
You are slightly more attuned to the shadows.
When hurt, damage is shared between your health and your magic reserves.
You regenerate magic rapidly.
When low on magic, you restore magic in place of health.


Message History

You kill the ogre!
Okawaru accepts your kill.
The titanic slime creature completely misses you.
You see here a giant spiked club.
A two-headed ogre comes into view.
It is wielding a giant spiked club and a giant club.
Items here: )) [[ a hand axe of draining; a chain mail; a hand axe; a scale mail The two-headed ogre shouts in stereo!
Things that are here:
an enchanted battleaxe; a plate armour The two-headed ogre hits you with a giant spiked club.
* * * LOW HITPOINT WARNING * * *
The two-headed ogre completely misses you.
An ogre comes into view. It is wielding a giant spiked club.
All of the chunks of flesh in your inventory have rotted away.
Damage: 3 (max 64)
You claw the two-headed ogre!
The two-headed ogre is lightly wounded.
The two-headed ogre hits you but does no damage. x2
You claw the two-headed ogre!
The two-headed ogre is moderately wounded.
The titanic slime creature closely misses you.
You mangle the two-headed ogre!!
The two-headed ogre is severely wounded.
The two-headed ogre hits you but does no damage. x2
You block the titanic slime creature's attack.
You closely miss the two-headed ogre.
The two-headed ogre is severely wounded.
You mangle the two-headed ogre!!
You kill the two-headed ogre!
Okawaru accepts your kill. The titanic slime creature misses you.
You mangle the ogre!!
The ogre is almost dead.
The titanic slime creature hits you!!!
* * * LOW HITPOINT WARNING * * *
The ogre closely misses you.
You hear a shout!
Damage: 34 (max 64)
You claw the ogre!
You kill the ogre!
Okawaru accepts your kill.
You hear two shouts!
Items here: ))) † a giant spiked club x2; a giant club; an ogre corpse An ogre comes into view.
It is wielding a giant club.
The ogre shouts!
A two-headed ogre comes into view.
It is wielding a giant spiked club and a great mace.
The titanic slime creature hits you!!!
You die...

#########+#####
#.)).....Z)).)##..
#)#(#.#.#####)##'######
#)#.#.#.# #..)#.....O.#
###.#######
###.#....O#.# ..#Z#
#Z#..#....# ..#.###
#.###)#...#...# .
..#...# #....J#.......#
## ..#.###
#.###.@.#.....# #.
..#...#
#...#.......########.
..'.###
###(########.......#.
..#...# #...#
#.......#. ###.###
#.#####.# #...#...'.
#... ...(....#
#..#....#. #####
#######'######
#.....#.## #......#
#....#..# #......#
#.......#


You could see a titanic slime creature, a two-headed ogre (wandering), an ogre
and a vault warden simulacrum.

Vanquished Creatures
  Saint Roka (Orc:1)
  Arachne (Spider:4)
  Gastronok (Lair:1)
  A thorn hunter (Swamp:3)
  Kirke (D:14)
  The ghost of nikopol the Severer, an adept MiBe of Trog (Swamp:4)
  The ghost of Bnni the Warrior, an adept DsMo of Ru (Swamp:4)
  Donald (Spider:1)
  The ghost of HelenOfTrog the Thaumaturge, an adept GnIE of Ashenzari (D:15)
  A frost giant (IceCv)
  An orc warlord (Orc:2)
  A vault warden (Vaults:1)
  5 ghost moths (Spider:4)
  4 emperor scorpions
  3 ironheart preservers (Vaults:1)
  7 entropy weavers
  4 spark wasps
  Azrael (Orc:2)
  5 dire elephants (Lair:6)
  Snorg (Lair:6)
  Josephine (D:10)
  A deep elf death mage (Vaults:1)
  The ghost of Totori the Fighter, a journeyman DrWn of Yredelemnul (D:11)
  12 hydras
  A yaktaur captain (Vaults:1)
  4 vault guards (Vaults:1)
  2 rakshasas (D:15)
  An anaconda (Lair:6)
  5 ogre magi
  2 catoblepae (Lair:6)
  3 centaur warriors
  13 two-headed ogres
  Erica (Lair:2)
  4 death yaks
  A queen ant (D:13)
  A deep troll shaman (Vaults:1)
  2 tengu warriors (D:14)
  10 alligators
  2 orc high priests (Orc:2)
  A deep elf knight (Vaults:1)
  A fire crab (shapeshifter) (Vaults:1)
  4 deep trolls (Vaults:1)
  An unseen horror (D:13)
  3 swamp dragons
  A glowing orange brain (D:15)
  The ghost of Verendum the Grappler, a novice TrMo of Okawaru (D:5)
  2 necromancers
  An ironbrand convoker (Vaults:1)
  8 wolf spider zombies (Spider:2)
  The ghost of emperorscorpion the Cleaver, a novice DrBe of Trog (D:6)
  3 deep elf magi (Vaults:1)
  5 orc sorcerers
  6 orc knights
  An oklob plant (Lair:5)
  19 orb spiders
  7 ugly things
  A moth of wrath (Spider:4)
  2 manticores (D:13)
  3 cyclopes
  19 elephants
  An ice statue (IceCv)
  33 wolf spiders
  3 black mambas
  2 centaur zombies
  3 torpor snails
  16 spiny frogs
  2 gargoyles
  4 rime drakes
  2 efreet
  4 swamp worm zombies (Swamp:4)
  27 demonic crawlers
  7 redback zombies (Spider:2)
  8 komodo dragons
  5 trolls
  21 polar bears
  13 tyrant leeches
  6 meliai
  16 hornets
  51 jumping spiders
  24 slime creatures
  7 alligator zombies (Swamp:4)
  7 bog bodies
  8 hippogriffs
  31 blink frogs
  14 tarantella zombies (Spider:2)
  A meliai zombie (D:15)
  3 shadows
  89 redbacks
  2 fire elementals (Orc:2)
  3 centaur simulacra (D:13)
  50 yaks
  29 tarantellas
  A wyvern (Lair:6)
  6 wraiths
  4 spriggans
  2 basilisks
  2 hungry ghosts
  6 vampire mosquitoes
  6 wargs
  16 swamp worms
  28 soldier ants
  10 insubstantial wisps
  Edmund (D:5)
  10 porcupines
  12 water moccasins
  4 hell hounds (Orc:2)
  5 sky beasts
  Duvessa (D:5)
  8 ice beasts
  A meliai simulacrum (D:13)
  7 swamp drakes
  A black bear (Lair:3)
  27 orc warriors
  2 eyes of draining
  A hornet zombie (D:14)
  3 necrophages
  4 phantoms
  31 ogres
  35 wolves
  5 centaurs
  16 crocodiles
  2 big kobolds
  Blork the orc (D:5)
  14 bullfrogs
  Dowan (D:5)
  A wyvern skeleton (D:7)
  A hornet simulacrum (D:13)
  4 scorpions
  3 wights (D:8)
  2 howler monkeys (D:12)
  8 electric eels
  7 crimson imps
  A bullfrog zombie (D:9)
  4 jellies
  8 hounds
  14 orc priests
  Crazy Yiuf (D:2)
  A bullfrog skeleton (D:7)
  21 orc wizards
  4 centaur skeletons
  Jessica (D:2)
  2 iguanas
  Natasha (twice) (D:3)
  Terence (D:3)
  23 worker ants
  A bullfrog simulacrum (D:13)
  A hound zombie (D:9)
  8 gnolls
  16 adders
  6 shadow imps
  5 white imps (D:13)
  An ufetubus (D:13)
  20 oozes
  3 adder skeletons
  A worm (D:4)
  3 dart slugs
  14 leopard geckos
  65 orcs
  7 bats
  11 giant cockroaches
  7 goblins
  5 hobgoblins
  17 kobolds
  3 quokkas
  6 ball pythons
  20 frilled lizards
  A leopard gecko zombie (D:8)
  A quokka skeleton (D:5)
  7 rats
  A fungus (D:8)
  2 plants (Lair:6)
1305 creatures vanquished.

Vanquished Creatures (others)
  2 alligators (Swamp:4)
  An orb spider (Spider:4)
  A hornet (shapeshifter) (D:15)
  A wolf (IceCv)
  An ogre (Vaults:1)
  A worker ant (D:14)
  2 bushes
  60 fungi
  59 plants
128 creatures vanquished.

Grand Total: 1433 creatures vanquished

Notes
Turn   | Place    | Note
-------+----------+-------------------------------------------
     0 | D:1      | Gorice the Demonspawn Wanderer began the quest for the Orb.
     0 | D:1      | Gorice set off with: a +2 spear, a potion of curing, 8 poisoned needles, a +0 blowgun, a +0 robe, a ration
     0 | D:1      | Reached XP level 1. HP: 22/22 MP: 1/1
    51 | D:1      | Reached skill level 1 in Polearms
   178 | D:1      | Gained mutation: You have sharp fingernails. [demonic ancestry]
   178 | D:1      | Reached XP level 2. HP: 22/28 MP: 2/2
   280 | D:1      | Reached skill level 2 in Polearms
   553 | D:2      | Found an iron altar of Okawaru.
   583 | D:2      | Became a worshipper of Warmaster Okawaru
   624 | D:2      | Gained mutation: You have a somewhat thin skeletal structure. (Dex +2, Stealth) [demonic ancestry]
   624 | D:2      | Reached XP level 3. HP: 31/34 MP: 3/3
   671 | D:2      | Noticed Jessica
   682 | D:2      | Killed Jessica
   682 | D:2      | Reached skill level 3 in Polearms
   682 | D:2      | Gained mutation: You have very sharp fingernails. [demonic ancestry]
   682 | D:2      | Reached XP level 4. HP: 40/40 MP: 4/4
   906 | D:2      | Found a blossoming altar of Fedhas.
  1028 | D:2      | Noticed Terence
  1043 | D:2      | HP: 7/40 [Terence/flail (8)]
  1260 | D:2      | Reached skill level 1 in Unarmed Combat
  1515 | D:2      | Found a runed door.
  1519 | D:2      | Noticed Crazy Yiuf
  1529 | D:2      | Killed Crazy Yiuf
  1531 | D:2      | HP: 12/40 [poisoned by Crazy Yiuf]
  1538 | D:2      | HP: 10/40 [poisoned by Crazy Yiuf]
  1545 | D:2      | HP: 9/40 [poisoned by Crazy Yiuf]
  1553 | D:2      | HP: 8/40 [poisoned by Crazy Yiuf]
  1877 | D:3      | Found a glowing drain.
  1893 | D:2      | Reached skill level 2 in Unarmed Combat
  1949 | D:3      | Killed Terence
  1949 | D:3      | Gained mutation: You have a moderately thin skeletal structure. (Dex +4, Stealth+) [demonic ancestry]
  1949 | D:3      | Reached XP level 5. HP: 36/46 MP: 5/5
  1983 | Sewer    | Entered a sewer
  2018 | Sewer    | Reached skill level 3 in Unarmed Combat
  2027 | Sewer    | Reached * piety under Okawaru
  2264 | Sewer    | Gained mutation: When hurt, damage is shared between your health and your magic reserves. [demonic ancestry]
  2264 | Sewer    | Reached XP level 6. HP: 24/52 MP: 6/6
  2271 | Sewer    | Reached skill level 4 in Unarmed Combat
  2481 | Sewer    | Reached skill level 5 in Unarmed Combat
  2911 | D:3      | Noticed Natasha
  2922 | D:3      | Killed Natasha
  3182 | D:3      | Noticed Natasha
  3196 | D:3      | Killed Natasha
  3196 | D:3      | Reached XP level 7. HP: 46/58 MP: 7/7
  3210 | D:3      | Reached ** piety under Okawaru
  3656 | D:4      | Found Loifib's Book Shop.
  3665 | D:4      | Reached skill level 6 in Unarmed Combat
  3978 | D:4      | HP: 15/58 [ogre/giant club (10)]
  4343 | D:5      | Entered Level 5 of the Dungeon
  4343 | D:5      | Noticed Blork the orc
  4356 | D:5      | Killed Blork the orc
  4401 | D:5      | Reached skill level 7 in Unarmed Combat
  4453 | D:5      | Reached XP level 8. HP: 55/64 MP: 6/8
  4699 | D:5      | Noticed Edmund
  4719 | D:5      | Killed Edmund
  4719 | D:5      | Reached skill level 8 in Unarmed Combat
  4795 | D:5      | Reached *** piety under Okawaru
  4874 | D:5      | Noticed Verendum's ghost (novice TrMo)
  5005 | D:5      | Reached skill level 1 in Invocations
  5155 | D:5      | Killed Verendum's ghost
  5155 | D:5      | Reached skill level 9 in Unarmed Combat
  5155 | D:5      | Reached skill level 4 in Invocations
  5211 | D:5      | Noticed Dowan
  5227 | D:5      | Noticed Duvessa
  5234 | D:5      | Killed Duvessa
  5234 | D:5      | Reached XP level 9. HP: 48/69 MP: 6/12
  5242 | D:5      | Killed Dowan
  5545 | D:5      | Reached skill level 2 in Armour
  5648 | D:5      | Identified a scroll of acquirement
  5681 | D:6      | Noticed emperorscorpion's ghost (novice DrBe)
  5718 | D:6      | Found a staircase to the Ecumenical Temple.
  5736 | D:6      | Reached skill level 10 in Unarmed Combat
  6008 | D:6      | Found a hide-covered altar of Uskayaw.
  6050 | D:6      | Killed emperorscorpion's ghost
  6050 | D:6      | Reached **** piety under Okawaru
  6050 | D:6      | Reached skill level 3 in Armour
  6223 | D:6      | Found Vujytaar's Jewellery Shop.
  6549 | D:6      | Found a glowing golden altar of the Shining One.
  6627 | D:6      | Found a shimmering altar of Xom.
  6628 | D:6      | Found a burning altar of Makhleb.
  6912 | D:7      | Reached skill level 4 in Armour
  6912 | D:7      | Reached skill level 11 in Unarmed Combat
  7387 | D:7      | Reached ***** piety under Okawaru
  7491 | D:7      | Gained mutation: You regenerate magic rapidly. [demonic ancestry]
  7491 | D:7      | Reached XP level 10. HP: 59/76 MP: 11/13
  7498 | D:7      | Found a shattered altar of Ashenzari.
  7499 | D:7      | Found an opulent altar of Gozag.
  7500 | D:7      | Found a snail-covered altar of Cheibriados.
  7769 | Temple   | Entered the Ecumenical Temple
  8093 | D:8      | Found a staircase to the Lair.
  8501 | Lair:1   | Entered Level 1 of the Lair of Beasts
  8501 | Lair:1   | Noticed a spiny frog
  8507 | D:8      | Killed a spiny frog
  8543 | D:8      | Reached skill level 5 in Invocations
  8781 | Lair:1   | Reached skill level 5 in Armour
  8943 | Lair:1   | Noticed a spiny frog
  8956 | Lair:1   | Killed a spiny frog
  9230 | Lair:1   | Noticed a spiny frog
  9231 | Lair:1   | Noticed a spiny frog
  9255 | D:8      | Killed a spiny frog
  9454 | D:8      | HP: 20/76 [spiny frog (11)]
  9457 | D:8      | Killed a spiny frog
  9457 | D:8      | Reached skill level 12 in Unarmed Combat
  9457 | D:8      | Reached skill level 6 in Invocations
  9843 | Lair:1   | Received a gift from Okawaru
  9844 | Lair:1   | Got a fine glaive {god gift}
  9895 | Lair:1   | Noticed Gastronok
  9918 | Lair:1   | Killed Gastronok
  9918 | Lair:1   | Received a gift from Okawaru
  9918 | Lair:1   | Reached skill level 6 in Armour
  9918 | Lair:1   | Reached skill level 7 in Invocations
  9918 | Lair:1   | Reached XP level 11. HP: 59/81 MP: 11/16
 10540 | Lair:1   | HP: 24/81 [wolf (5)]
 10545 | Lair:1   | HP: 22/81 [wolf (3)]
 10833 | Lair:1   | Reached skill level 8 in Invocations
 10908 | Lair:1   | Received a gift from Okawaru
 10921 | Lair:1   | Got a shimmering buckler {god gift}
 10927 | Lair:1   | Identified the +3 buckler of Defence {rCorr Str+4 Slay-5} (Okawaru gifted it to you on level 1 of the Lair of Beasts)
 11638 | Lair:2   | Reached skill level 13 in Unarmed Combat
 11643 | Lair:2   | HP: 21/81 [elephant (8)]
 11675 | Lair:1   | Reached skill level 7 in Armour
 12155 | Lair:1   | Reached skill level 9 in Invocations
 12374 | Lair:2   | HP: 23/81 [swamp worm (3)]
 12711 | Lair:2   | Noticed Erica
 12744 | Lair:2   | HP: 16/81 [Erica/bolt of poison (15)]
 12749 | Lair:2   | HP: 9/81 [blink frog (2)]
 13219 | Lair:2   | Killed Erica
 13219 | Lair:2   | Reached skill level 10 in Invocations
 13421 | Lair:2   | HP: 19/81 [crocodile (8)]
 13425 | Lair:2   | HP: 4/81 [komodo dragon (16)]
 13430 | Lair:2   | HP: 13/81 [komodo dragon (10)]
 13431 | Lair:2   | Reached skill level 8 in Armour
 13761 | Lair:2   | Noticed a death yak
 13787 | Lair:2   | Killed a death yak
 13787 | Lair:2   | Reached XP level 12. HP: 62/88 MP: 14/19
 14156 | Lair:2   | HP: 26/88 [swamp worm (4)]
 14158 | Lair:2   | HP: 10/89 [crocodile (4)]
 14551 | Lair:2   | Found a staircase to the Swamp.
 15916 | Lair:4   | Reached skill level 7 in Fighting
 16101 | Lair:4   | Got a pitted wooden ring
 16102 | Lair:4   | Identified the ring of Xom's Ringing Laughter {+Blink Str-4 Int+2 Dex+5 Stlth+} (You found it on level 4 of the Lair of Beasts)
 16191 | Lair:4   | Reached skill level 9 in Armour
 16696 | Lair:4   | Reached skill level 14 in Unarmed Combat
 16731 | Lair:4   | Received a gift from Okawaru
 16883 | Lair:4   | Reached skill level 8 in Fighting
 16893 | Lair:4   | Found a hole to the Spider Nest.
 17394 | Lair:4   | Noticed a five-headed hydra
 18020 | Lair:4   | Killed a one-headed hydra
 19364 | Lair:5   | Found a staircase to the Slime Pits.
 19364 | Lair:5   | Found a viscous altar of Jiyva.
 19651 | Lair:6   | Entered Level 6 of the Lair of Beasts
 19686 | Lair:6   | Noticed a catoblepas
 19703 | Lair:6   | Killed a catoblepas
 19736 | Lair:6   | Gained mutation: When low on magic, you restore magic in place of health. [demonic ancestry]
 19736 | Lair:6   | Reached XP level 13. HP: 72/100 MP: 18/20
 19805 | Lair:6   | Received a gift from Okawaru
 19808 | Lair:6   | Got a shimmering shortbow {god gift}
 19972 | Lair:6   | Noticed Snorg
 19987 | Lair:6   | Killed Snorg
 19987 | Lair:6   | Reached skill level 10 in Armour
 20070 | Lair:6   | Reached skill level 9 in Fighting
 20086 | Lair:6   | HP: 22/101 [death yak (10)]
 20626 | Lair:6   | HP: 27/101 [four-headed hydra (7)]
 20628 | Lair:6   | HP: 12/101 [four-headed hydra (7)]
 21108 | Lair:6   | Received a gift from Okawaru
 21109 | Lair:6   | Got a pitted glaive {god gift}
 22121 | Lair:6   | Reached skill level 10 in Fighting
 22410 | Lair:6   | Reached skill level 15 in Unarmed Combat
 22560 | Lair:6   | Reached skill level 11 in Armour
 23071 | D:9      | Found a white marble altar of Elyvilon.
 23173 | D:9      | Found a staircase to the Orcish Mines.
 23467 | D:10     | Entered Level 10 of the Dungeon
 23860 | D:10     | Received a gift from Okawaru
 23960 | D:10     | Noticed Josephine
 23981 | D:10     | Killed Josephine
 24424 | Orc:1    | Entered Level 1 of the Orcish Mines
 25084 | Orc:1    | Reached ****** piety under Okawaru
 25087 | Orc:1    | Gained mutation: You are slightly more attuned to the shadows. [demonic ancestry]
 25087 | Orc:1    | Reached XP level 14. HP: 93/111 MP: 17/21
 25335 | Orc:1    | HP: 23/111 [two-headed ogre/giant spiked club (13)]
 25630 | Orc:1    | Reached skill level 11 in Fighting
 25850 | Orc:2    | Entered Level 2 of the Orcish Mines
 26050 | Orc:2    | Found a flickering gateway to a bazaar.
 26058 | Bazaar   | Entered a bazaar
 26058 | Bazaar   | Found Sieqi's Book Emporium.
 26058 | Bazaar   | Found Cenaem's General Store.
 26058 | Bazaar   | Found Sazofyt's Armour Shoppe.
 26058 | Bazaar   | Found Miakh's Assorted Antiques.
 26064 | Bazaar   | Found Icudyn's General Store.
 26064 | Bazaar   | Found Xaxab's Weapon Boutique.
 26094 | Bazaar   | Bought a +3 plate armour of magic resistance for 495 gold pieces
 26109 | Bazaar   | Bought a scroll of blinking for 255 gold pieces
 26109 | Bazaar   | Bought a potion of heal wounds for 170 gold pieces
 26115 | Bazaar   | Bought a +1 helmet of see invisible for 181 gold pieces
 26149 | Bazaar   | Bought a +2 hat of magic resistance for 231 gold pieces
 26192 | Orc:2    | Paralysed by an orc sorcerer for 6 turns
 26198 | Orc:2    | HP: 29/113 [orc sorcerer/bolt of negative energy (6)]
 26596 | Orc:1    | Received a gift from Okawaru
 27361 | Orc:1    | HP: 26/113 [orc knight/enchanted war axe (10)]
 27399 | Orc:1    | HP: 33/169 [orc knight/enchanted war axe (4)]
 27401 | Orc:1    | HP: 15/169 [orc warrior/halberd (10)]
 28034 | Orc:2    | Found Sipucega's Antique Armour Emporium.
 28315 | Orc:2    | Noticed an orc warlord
 28332 | Orc:2    | Killed an orc warlord
 28781 | Orc:2    | HP: 26/113 [orc knight/enchanted glaive (20)]
 29227 | Orc:2    | Found Kasa's Antique Weapon Shop.
 29374 | Orc:2    | Reached skill level 12 in Armour
 29512 | Orc:2    | Found Qufradgh's General Store.
 29551 | Orc:2    | Found a staircase to the Elven Halls.
 29645 | Orc:2    | Noticed Saint Roka
 29885 | Orc:2    | Found Vittabu's Jewellery Emporium.
 29986 | Orc:1    | Upgraded the game from 0.22-a0-425-g89d60a1 to 0.22-a0-429-g97ce8ef
 30175 | D:11     | Found Mituontu's Food Boutique.
 30217 | D:11     | Noticed Totori's ghost (journeyman DrWn)
 30253 | D:11     | Killed Totori's ghost
 31330 | D:11     | Found a bloodstained altar of Trog.
 31376 | D:11     | Reached skill level 12 in Fighting
 32111 | D:12     | Reached skill level 16 in Unarmed Combat
 33043 | D:13     | Received a gift from Okawaru
 33057 | D:13     | Found a frozen archway.
 33160 | IceCv    | Entered an ice cave
 33502 | IceCv    | Reached XP level 15. HP: 77/122 MP: 19/22
 33983 | IceCv    | Reached skill level 1 in Evocations
 34053 | IceCv    | HP: 36/122 [ice statue/shard of ice (23)]
 34895 | IceCv    | Noticed a frost giant
 34913 | IceCv    | Reached skill level 2 in Evocations
 34923 | IceCv    | Killed a frost giant
 35197 | D:13     | Reached skill level 13 in Armour
 35197 | D:13     | Reached skill level 3 in Evocations
 35261 | D:13     | HP: 32/122 [meliai/divine providence (9)]
 35273 | D:13     | HP: 21/122 [manticore/volley of spikes (3)]
 35280 | D:13     | HP: 14/122 [barbs]
 35938 | D:13     | Received a gift from Okawaru
 35938 | D:13     | HP: 36/122 [two-headed ogre/giant club (4)]
 35943 | D:13     | HP: 33/122 [poisoned by an ogre mage (bolt of poison)]
 35948 | D:13     | HP: 29/122 [poisoned by an ogre mage (bolt of poison)]
 35953 | D:13     | HP: 27/122 [poisoned by an ogre mage (bolt of poison)]
 35958 | D:13     | HP: 25/122 [poisoned by an ogre mage (bolt of poison)]
 35966 | D:13     | HP: 26/122 [poisoned by an ogre mage (bolt of poison)]
 35972 | D:13     | HP: 24/122 [two-headed ogre/giant spiked club (2)]
 36432 | D:13     | Reached skill level 4 in Evocations
 36455 | D:13     | Reached skill level 13 in Fighting
 36465 | D:13     | Received a gift from Okawaru
 36477 | D:13     | HP: 36/123 [poisoned by a soldier ant]
 37085 | D:13     | Found a gate to the Vaults.
 37810 | D:13     | Reached skill level 5 in Evocations
 39176 | D:14     | Noticed Kirke
 39976 | D:14     | Killed Kirke
 39976 | D:14     | Reached skill level 6 in Evocations
 40135 | D:14     | Identified the +9 plate armour "Muocoggo" {Int+3} (You found it on level 14 of the Dungeon)
 40175 | D:14     | Reached skill level 1 in Shields
 40594 | D:15     | Entered Level 15 of the Dungeon
 40698 | D:15     | HP: 35/125 [troll (illusionary) (5)]
 40740 | D:15     | Noticed HelenOfTrog's ghost (adept GnIE)
 40743 | D:15     | HP: 23/125 [HelenOfTrog's ghost/shard of ice (11)]
 40750 | D:15     | HP: 22/125 [meliai zombie (3)]
 41068 | D:15     | Received a gift from Okawaru
 41074 | D:15     | Reached skill level 2 in Shields
 41156 | D:14     | Gained mutation: Your flesh is cold resistant. (rC+) [demonic ancestry]
 41156 | D:14     | Reached XP level 16. HP: 122/132 MP: 20/23
 41384 | D:15     | Killed HelenOfTrog's ghost
 41808 | D:15     | Reached skill level 14 in Armour
 41927 | D:15     | Reached skill level 14 in Fighting
 41927 | D:15     | Reached skill level 3 in Shields
 42209 | D:15     | Found a staircase to the Depths.
 42584 | Orc:1    | Killed Saint Roka
 42870 | Orc:2    | Noticed Azrael
 42882 | Orc:2    | Killed Azrael
 43027 | Orc:2    | Bought an uncursed ring of poison resistance for 260 gold pieces
 43219 | Swamp:1  | Entered Level 1 of the Swamp
 43278 | Swamp:1  | Reached skill level 4 in Shields
 43518 | Swamp:1  | Reached skill level 1 in Dodging
 43556 | Swamp:1  | Received a gift from Okawaru
 44221 | Swamp:1  | Reached skill level 2 in Dodging
 45876 | Swamp:3  | Reached skill level 3 in Dodging
 46435 | Swamp:3  | Noticed a thorn hunter
 46457 | Swamp:3  | Killed a thorn hunter
 47180 | Swamp:3  | Reached skill level 4 in Dodging
 47659 | Spider:1 | Entered Level 1 of the Spider Nest
 47689 | Spider:1 | Noticed Donald
 47703 | Spider:1 | Killed Donald
 47736 | Spider:1 | Received a gift from Okawaru
 48236 | Spider:1 | Reached skill level 15 in Fighting
 48691 | Spider:1 | Reached skill level 5 in Dodging
 48762 | Spider:1 | Reached XP level 17. HP: 114/142 MP: 22/24
 48970 | Spider:1 | Reached skill level 15 in Armour
 50280 | Spider:2 | Reached skill level 6 in Dodging
 50509 | Spider:2 | Found the ring of Shadows {Umbra +Inv Stlth+}
 51253 | Spider:1 | HP: 42/142 [poisoned by a redback]
 51259 | Spider:1 | HP: 42/142 [poisoned by a redback]
 51917 | Spider:2 | Received a gift from Okawaru
 52655 | Spider:2 | Reached skill level 7 in Dodging
 53793 | Spider:3 | HP: 43/144 [demonic crawler (1)]
 53794 | Spider:3 | HP: 16/144 [spark wasp (11)]
 53806 | Spider:3 | HP: 41/144 [demonic crawler (4)]
 53923 | Spider:3 | Reached skill level 16 in Fighting
 53972 | Spider:3 | HP: 43/144 [poisoned by a redback]
 53977 | Spider:3 | HP: 39/144 [poisoned by a redback]
 53983 | Spider:3 | HP: 36/144 [poisoned by a redback]
 53989 | Spider:3 | HP: 31/144 [poisoned by a redback]
 53994 | Spider:3 | HP: 24/144 [poisoned by a redback]
 54000 | Spider:3 | HP: 24/144 [poisoned by a redback]
 54008 | Spider:3 | HP: 25/144 [poisoned by a redback]
 54394 | Spider:3 | Got a distressingly furry plate armour
 54404 | Spider:3 | Identified the cursed +0 plate armour of Jaikk {+Inv rElec Int+4} (You found it on level 3 of the Spider Nest)
 54729 | Spider:3 | Reached skill level 8 in Dodging
 55219 | Swamp:4  | Entered Level 4 of the Swamp
 55273 | Swamp:4  | Noticed nikopol's ghost (adept MiBe)
 55275 | Swamp:4  | Noticed Bnni's ghost (adept DsMo)
 55586 | Swamp:4  | Killed nikopol's ghost
 55656 | Swamp:4  | Killed Bnni's ghost
 55656 | Swamp:4  | Reached skill level 16 in Armour
 56366 | Swamp:4  | Received a gift from Okawaru
 56378 | Swamp:4  | Reached skill level 9 in Dodging
 56471 | Swamp:4  | Reached XP level 18. HP: 138/151 MP: 25/25
 56763 | Swamp:4  | HP: 41/150 [death drake] (8)]
 57385 | Spider:4 | Entered Level 4 of the Spider Nest
 57975 | Spider:3 | HP: 45/151 [poisoned by a wolf spider]
 57981 | Spider:3 | HP: 44/151 [poisoned by a wolf spider]
 57989 | Spider:3 | HP: 45/151 [poisoned by a wolf spider]
 58479 | Spider:4 | Reached skill level 7 in Evocations
 59262 | Spider:4 | Noticed Arachne
 59290 | Spider:4 | HP: 43/151 [Arachne/poison arrow (9)]
 59294 | Spider:4 | Killed Arachne
 59295 | Spider:4 | HP: 37/151 [poisoned by Arachne (poison arrow)]
 59300 | Spider:4 | HP: 33/151 [poisoned by Arachne (poison arrow)]
 59305 | Spider:4 | HP: 30/151 [poisoned by Arachne (poison arrow)]
 59311 | Spider:3 | HP: 29/151 [poisoned by Arachne (poison arrow)]
 59317 | Spider:3 | HP: 29/151 [poisoned by Arachne (poison arrow)]
 59324 | Spider:3 | HP: 29/151 [poisoned by Arachne (poison arrow)]
 60008 | Spider:4 | Reached skill level 10 in Dodging
 60119 | Spider:4 | HP: 40/151 [emperor scorpion (15)]
 60120 | Spider:4 | HP: 19/151 [emperor scorpion (20)]
 60129 | Spider:4 | HP: 21/151 [jumping spider (2)]
 60136 | Spider:4 | HP: 7/151 [redback (6)]
 60140 | Spider:3 | Reached skill level 8 in Evocations
 60670 | Spider:4 | HP: 35/151 [disintegration (25)]
 60675 | Spider:3 | HP: 30/151 [entropy weaver (4)]
 60680 | Spider:3 | HP: 28/151 [hornet (2)]
 61245 | Spider:4 | Received a gift from Okawaru
 61356 | Spider:4 | HP: 43/151 [wolf spider (14)]
 61373 | Spider:4 | HP: 17/151 [wolf spider (8)]
 62006 | Spider:4 | Reached skill level 9 in Evocations
 62358 | Spider:4 | Got a gossamer rune of Zot
 62881 | D:13     | Reached skill level 11 in Dodging
 62902 | Vaults:1 | Entered Level 1 of the Vaults
 62994 | Vaults:1 | Received a gift from Okawaru
 63020 | Vaults:1 | HP: 42/151 [centaur warrior/arrow (6)]
 63035 | Vaults:1 | HP: 35/151 [soul eater/drain life[an ironheart preserver] (7)]
 63633 | Vaults:1 | Reached skill level 10 in Evocations
 64074 | Vaults:1 | Received a gift from Okawaru
 64112 | Vaults:1 | Got a heavily runed crystal plate armour {god gift}
 64130 | Vaults:1 | Identified the +7 crystal plate armour of Disguise {rElec rC- Str+3} (Okawaru gifted it to you on level 1 of the Vaults)
 64350 | Vaults:1 | HP: 15/151 [titanic slime creature (34)]
 64354 | Vaults:1 | Demolished by a titanic slime creature

Vault maps used:
D:1:      nzn_arrival_crosshair, minmay_liquid_box, glass_columns_a,
          lemuel_another_geyser
D:2:      fedhas_altar_2, nicolae_overflow_crystal_walls, first_ration,
          uniq_crazy_yiuf_cottage, uniq_jessica, uniq_terence
D:3:      gup_sewer_entry_glass, uniq_natasha
D:4:      serial_shops, shop
D:5:      uniq_edmund, uniq_blork_the_orc, uniq_duvessa
D:6:      grunt_temple_overflow_champion_of_chaos,
          eat_drink_and_be_merry_uskayaw, tso_altar,
          minmay_temple_entry_junction, serial_shops, shop
D:7:      nicolae_overflow_hidden_temple
D:8:      dpeg_oklobed_lair
D:9:      elyvilon_altar_5, orc_0_dummy
D:10:     hangedman_little_slice_of_home, kennysheep_generic_room_8,
          uniq_josephine
D:11:     serial_shops, shop, trog_ov_bears_minmay
D:12:     kennysheep_generic_room_7
D:13:     david_vaults_2, serial_ice, serial_ice_n, serial_ice_f, serial_ice_o,
          serial_ice_m, serial_ice_i, serial_ice_d, serial_ice_h, serial_ice_g,
          portal_ice_cave_rime, spider_trap, corner_web_ring, library_closet,
          minivault_29
D:14:     kennysheep_flooded_box, uniq_kirke
D:15:     gammafunk_enter_depths_forms, minmay_misc_feat_rows, moated_statue
Temple:   nicolae_temple_hex_pool
Lair:1:   grunt_megastairs_2, infiniplex_staircase_pool, uniq_gastronok
Lair:2:   nicolae_swamp_entry_splash_gauntlet, beast_lair_carwin_7, uniq_erica
Lair:4:   spider_nest_entry_rubble, serial_bayou_lake_a, lemuel_fruit_fields
Lair:5:   slime_altar_1, st_stairs_12, minmay_lair_oklob_items, minmay_holes
Lair:6:   due_jungle_book, nicolae_lair_yak_garden, uniq_snorg
Swamp:1:  evilmike_swamp_ruin_rubble_2
Swamp:2:  evilmike_swamp_ruin_house_1, swamp_pool1, nicolae_swamp_triple_paths
Swamp:3:  hangedman_swamp_pad
Swamp:4:  swamp_pestilence
Spider:1: spider_trap, nicolae_crawler_farm, hangedman_spider_tarantella_strand,
          uniq_donald
Spider:2: lemuel_spider_zombies
Spider:3: spider_trap, guppyfry_spider_mini_2
Spider:4: johnstein_spider_rune_arachne_lair
Orc:1:    lemuel_ogre_cave
Orc:2:    grunt_orc_gardens, grunt_orc_garden, grunt_orc_garden,
          grunt_orc_garden, grunt_orc_garden, serial_shops, bzr_entry_dummy,
          uniq_saint_roka, uniq_azrael
Vaults:1: hangedman_vaults_pinch, nicolae_vaults_disjoint_gnomons,
          nicolae_vaults_network_square, vaults_room_guarded_vault,
          ontoclasm_vaults_ring_small, ontoclasm_vaults_hangar,
          nicolae_vaults_mini_display_case, vaults_room_corners
Bazaar:   bazaar_minmay_generic_island
Sewer:    sewer_frog_island_02
IceCv:    ice_cave_caverns_01

Skill      XL: |  1  2  3  4  5  6  7  8  9 10 11 12 13 14 15 16 17 18 |
---------------+-------------------------------------------------------+-----
Polearms       | 1 2 3 |  3.3
Unarmed Combat | 2 3 5 7 9 11 12 13 14 15 16 | 16.2
Invocations    | 4 7 10 | 10.0
Armour         | 4 6 8 9 11 12 13 14 16 | 16.0
Fighting       | 8 10 12 13 15 16 | 16.0
Evocations     | 6 10 | 10.6
Shields        | 2 4 |  4.0
Dodging        | 5 9 11 | 11.7
Throwing       | |  1.7
Stealth        | |  1.0

Action                   |  1- 3 |  4- 6 |  7- 9 | 10-12 | 13-15 | 16-18 || total
-------------------------+-------+-------+-------+-------+-------+-------++-------
Melee: Spear             |    77 |   130 |       |       |       |       ||   207
       Punch             |       |     5 |     6 |    38 |    86 |       ||   135
       Unarmed           |       |   150 |   326 |   711 |  2033 |  2570 ||  5790
       Scimitar          |       |       |       |     6 |    22 |    36 ||    64
Throw: Stone             |       |     3 |    14 |       |       |       ||    17
       Tomahawk          |       |       |       |    54 |    61 |    28 ||   143
       Javelin           |       |       |       |       |     1 |       ||     1
Invok: Heroism           |       |       |     3 |    15 |    31 |    20 ||    69
       Finesse           |       |       |       |     2 |     2 |     3 ||     7
 Abil: Evoke Berserk Rag |       |     1 |     2 |     2 |     6 |     4 ||    15
Evoke: Wand              |       |       |       |     9 |    43 |    68 ||   120
  Use: Scroll            |     5 |     5 |     9 |    15 |    10 |    15 ||    59
       Potion            |       |       |       |     5 |     1 |    11 ||    17
 Stab: Sleeping          |     5 |     6 |     1 |       |       |       ||    12
       Paralysed         |       |       |       |       |     9 |    15 ||    24
       Distracted        |       |       |       |       |     2 |     1 ||     3
       Invisible         |       |       |       |       |       |     5 ||     5
  Eat: Chunk             |       |     9 |    17 |    30 |    61 |    45 ||   162
       Ration            |       |       |       |     3 |     5 |    10 ||    18
Armor: Robe              |    12 |     6 |       |       |       |       ||    18
       Ring mail         |       |    38 |       |       |       |       ||    38
       Chain mail        |       |   205 |    77 |       |       |       ||   282
       Plate armour      |       |       |    65 |   448 |  1276 |  2368 ||  4157
       Crystal plate arm |       |       |       |       |       |     6 ||     6
       Skin              |       |       |       |       |       |     2 ||     2
Dodge: Dodged            |    29 |   107 |    46 |   138 |   441 |  1304 ||  2065
Block: Buckler           |       |       |       |       |    90 |   917 ||  1007
       Rpst.: Scimitar   |       |       |       |       |     1 |     2 ||     3

Table legend:
 A = Spawn XP
 B = Non-spawn XP
 C = Spawn XP percentage of total XP
 D = Spawn monster count
 E = Non-spawn monster count
 F = Spawn count percentage of total count
 G = Total turns spent on level
                    A         B        C        D         E        F      G
               +---------+---------+-------+---------+---------+-------+---------
         Total |       0 |  372417 |   0.0 |       0 |    1303 |   0.0 | 64354
               +---------+---------+-------+---------+---------+-------+---------
           D:1 |       0 |      35 |   0.0 |       0 |      19 |   0.0 |   538
           D:2 |       0 |     146 |   0.0 |       0 |      23 |   0.0 |  1361
           D:3 |       0 |     236 |   0.0 |       0 |      28 |   0.0 |   908
           D:4 |       0 |     239 |   0.0 |       0 |      11 |   0.0 |   993
           D:5 |       0 |    2301 |   0.0 |       0 |      24 |   0.0 |  1435
           D:6 |       0 |    1382 |   0.0 |       0 |      18 |   0.0 |   912
           D:7 |       0 |     846 |   0.0 |       0 |      22 |   0.0 |   925
           D:8 |       0 |    2179 |   0.0 |       0 |      21 |   0.0 |  1384
           D:9 |       0 |    1104 |   0.0 |       0 |      28 |   0.0 |   847
          D:10 |       0 |    4689 |   0.0 |       0 |      35 |   0.0 |  1428
          D:11 |       0 |    7454 |   0.0 |       0 |      34 |   0.0 |  1490
          D:12 |       0 |    4540 |   0.0 |       0 |      28 |   0.0 |  1705
          D:13 |       0 |   22211 |   0.0 |       0 |     110 |   0.0 |  3431
          D:14 |       0 |    9455 |   0.0 |       0 |      19 |   0.0 |  1134
          D:15 |       0 |   11790 |   0.0 |       0 |      23 |   0.0 |  1628
        Lair:1 |       0 |    7803 |   0.0 |       0 |      32 |   0.0 |  3633
        Lair:2 |       0 |    7842 |   0.0 |       0 |      28 |   0.0 |  2854
        Lair:3 |       0 |    3047 |   0.0 |       0 |      16 |   0.0 |  1358
        Lair:4 |       0 |    8054 |   0.0 |       0 |      32 |   0.0 |  2765
        Lair:5 |       0 |    1932 |   0.0 |       0 |       6 |   0.0 |  1212
        Lair:6 |       0 |   28710 |   0.0 |       0 |      62 |   0.0 |  3939
       Swamp:1 |       0 |   12712 |   0.0 |       0 |      31 |   0.0 |  1490
       Swamp:2 |       0 |    4771 |   0.0 |       0 |      20 |   0.0 |  1304
       Swamp:3 |       0 |   13594 |   0.0 |       0 |      34 |   0.0 |  1515
       Swamp:4 |       0 |   15394 |   0.0 |       0 |      35 |   0.0 |  1807
      Spider:1 |       0 |   29932 |   0.0 |       0 |      89 |   0.0 |  3981
      Spider:2 |       0 |   28548 |   0.0 |       0 |      73 |   0.0 |  2351
      Spider:3 |       0 |   29832 |   0.0 |       0 |      76 |   0.0 |  4178
      Spider:4 |       0 |   38404 |   0.0 |       0 |      72 |   0.0 |  1997
         Orc:1 |       0 |   17401 |   0.0 |       0 |      55 |   0.0 |  3500
         Orc:2 |       0 |   12745 |   0.0 |       0 |      54 |   0.0 |  2421
      Vaults:1 |       0 |   29088 |   0.0 |       0 |      40 |   0.0 |   997
         Sewer |       0 |     411 |   0.0 |       0 |      52 |   0.0 |   803
         IceCv |       0 |   13590 |   0.0 |       0 |      53 |   0.0 |  1932
               +---------+---------+-------+---------+---------+-------+---------

Table legend:
 A = Turns spent in this place as a percentage of turns spent in the entire game.
 B = Non-inter-level travel turns spent in this place as a percentage of non-inter-level travel turns spent in the entire game.
 C = Inter-level travel turns spent in this place as a percentage of turns spent in this place.
 D = Turns resting spent in this place as a percentage of non-inter-level travel turns spent in this place.
 E = Turns spent auto-exploring this place as a percentage of non-inter-level travel turns spent in this place.
 F = Non-inter-level travel turns spent in this place divided by the number of levels of this place that you've seen.
                   A       B       C       D       E      F
               +-------+-------+-------+-------+-------+----------------------
         Total | 100.0 | 100.0 |   6.5 |  43.9 |  26.5 | 1671.8
       Dungeon |  31.3 |  30.6 |   8.5 |  31.6 |  39.2 | 1227.3
        Temple |   0.1 |   0.1 |  20.8 |   0.0 |  98.7 |  76.0
          Lair |  24.5 |  24.3 |   7.1 |  47.7 |  26.7 | 2441.0
         Swamp |   9.5 |   9.6 |   5.4 |  35.0 |  36.0 | 1445.8
   Spider Nest |  19.4 |  19.8 |   4.8 |  57.1 |  14.0 | 2976.5
  Orcish Mines |   9.2 |   9.2 |   6.6 |  54.8 |  12.3 | 2764.5
        Vaults |   1.5 |   1.7 |   0.1 |  38.1 |   6.9 | 996.0
        Bazaar |   0.2 |   0.2 |   0.0 |   0.0 |   0.0 | 102.0
         Sewer |   1.2 |   1.3 |   0.0 |  50.4 |  12.0 | 803.0
      Ice Cave |   3.0 |   3.2 |   0.0 |  51.6 |   7.0 | 1932.0
               +-------+-------+-------+-------+-------+----------------------

Vault maps used:
D:1:      nzn_arrival_crosshair, minmay_liquid_box, glass_columns_a,
          lemuel_another_geyser
D:2:      fedhas_altar_2, nicolae_overflow_crystal_walls, first_ration,
          uniq_crazy_yiuf_cottage, uniq_jessica, uniq_terence
D:3:      gup_sewer_entry_glass, uniq_natasha
D:4:      serial_shops, shop
D:5:      uniq_edmund, uniq_blork_the_orc, uniq_duvessa
D:6:      grunt_temple_overflow_champion_of_chaos,
          eat_drink_and_be_merry_uskayaw, tso_altar,
          minmay_temple_entry_junction, serial_shops, shop
D:7:      nicolae_overflow_hidden_temple
D:8:      dpeg_oklobed_lair
D:9:      elyvilon_altar_5, orc_0_dummy
D:10:     hangedman_little_slice_of_home, kennysheep_generic_room_8,
          uniq_josephine
D:11:     serial_shops, shop, trog_ov_bears_minmay
D:12:     kennysheep_generic_room_7
D:13:     david_vaults_2, serial_ice, serial_ice_n, serial_ice_f, serial_ice_o,
          serial_ice_m, serial_ice_i, serial_ice_d, serial_ice_h, serial_ice_g,
          portal_ice_cave_rime, spider_trap, corner_web_ring, library_closet,
          minivault_29
D:14:     kennysheep_flooded_box, uniq_kirke
D:15:     gammafunk_enter_depths_forms, minmay_misc_feat_rows, moated_statue
Temple:   nicolae_temple_hex_pool
Lair:1:   grunt_megastairs_2, infiniplex_staircase_pool, uniq_gastronok
Lair:2:   nicolae_swamp_entry_splash_gauntlet, beast_lair_carwin_7, uniq_erica
Lair:4:   spider_nest_entry_rubble, serial_bayou_lake_a, lemuel_fruit_fields
Lair:5:   slime_altar_1, st_stairs_12, minmay_lair_oklob_items, minmay_holes
Lair:6:   due_jungle_book, nicolae_lair_yak_garden, uniq_snorg
Swamp:1:  evilmike_swamp_ruin_rubble_2
Swamp:2:  evilmike_swamp_ruin_house_1, swamp_pool1, nicolae_swamp_triple_paths
Swamp:3:  hangedman_swamp_pad
Swamp:4:  swamp_pestilence
Spider:1: spider_trap, nicolae_crawler_farm, hangedman_spider_tarantella_strand,
          uniq_donald
Spider:2: lemuel_spider_zombies
Spider:3: spider_trap, guppyfry_spider_mini_2
Spider:4: johnstein_spider_rune_arachne_lair
Orc:1:    lemuel_ogre_cave
Orc:2:    grunt_orc_gardens, grunt_orc_garden, grunt_orc_garden,
          grunt_orc_garden, grunt_orc_garden, serial_shops, bzr_entry_dummy,
          uniq_saint_roka, uniq_azrael
Vaults:1: hangedman_vaults_pinch, nicolae_vaults_disjoint_gnomons,
          nicolae_vaults_network_square, vaults_room_guarded_vault,
          ontoclasm_vaults_ring_small, ontoclasm_vaults_hangar,
          nicolae_vaults_mini_display_case, vaults_room_corners
Bazaar:   bazaar_minmay_generic_island
Sewer:    sewer_frog_island_02
IceCv:    ice_cave_caverns_01
